AoeStats
← NDF

Arabia

503923826Analyzed
1v1 RM · 1mo ago on Sep 3, 2026· 23m 42s· 2 players
Game mode
Random Map
Map size
Tiny (2 player)
Population
200
Speed
Normal
Resources
Standard
Victory
Conquest
Starting age
Dark Age
Ending age
Imperial Age
RankedLock teamsTeams togetherTeam positionsShared explorationLock speedFull tech treeHidden civsTurbo modeCheats
Victory
Defeat
🇦🇷 Teutons · Argentina
464
+20
🇦🇷 Franks · Argentina
543
-20
NDF
2:46 Loom
12:14 Feudal Age
18:18 Castle Age
16:26 Double-Bit Axe
17:54 Horse Collar
18:08 Gold Mining
18:11 Stone Mining
20:22 Stone Shaft Mining
19:15 Crossbowman
20:48 Heavy Plow
22:46 Forging
AirCoffee8990
11:53 Feudal Age
12:32 Double-Bit Axe
20:03 Loom
Connection lost

Rejoining the realm…

Still unreachable

The connection could not be restored.

Session expired

The server has moved on; the page needs a fresh start.